 Dungeon Crawl Stone Soup version 0.23.2-40-g277498a001 (webtiles) character file.

Game seed: 4533998511448155735

144 Exodus22XD the Chopper (level 5, -1/46 HPs)
             Began as a Minotaur Fighter on Sept 6, 2019.
             Slain by a hippogriff (4 damage)
             ... on level 3 of the Dungeon.
             The game lasted 00:02:59 (1755 turns).

Exodus22XD the Chopper (Minotaur Fighter)           Turns: 1755, Time: 00:02:59

Health: -1/46      AC: 10    Str: 21    XL:     5   Next: 5%
Magic:  4/4        EV:  7    Int:  5    God:
Gold:   105        SH:  9    Dex: 10    Spells: 4/4 levels left

rFire    . . .     SeeInvis .   a - +0 war axe
rCold    . . .     Gourm    .   c - +0 shield
rNeg     . . .     Faith    .   b - +0 scale mail
rPois    .         Spirit   .   (helmet restricted)
rElec    .         Reflect  .   q - +2 cloak {+Inv}
rCorr    +         Harm     .   (no gloves)
MR       .....                  (no boots)
Stlth    ..........             (no amulet)
HPRegen  0.15/turn              l - ring of resist corrosion
MPRegen  0.09/turn              (no ring)

@: no status effects
A: retaliatory headbutt, horns 2
a: Evoke Invisibility


You were on level 3 of the Dungeon.
You were not hungry.

You visited 1 branch of the dungeon, and saw 3 of its levels.

You collected 105 gold pieces.

Inventory:

Hand Weapons
 a - a +0 war axe (weapon)
Armour
 b - a +0 scale mail (worn)
 c - a +0 shield (worn)
 q - a +2 cloak of invisibility (worn)
Jewellery
 l - a ring of resist corrosion (left hand)
 x - a cursed ring of attention {unknown}
Wands
 m - a wand of digging (6)
 v - a wand of iceblast (9)
Scrolls
 e - 2 scrolls of noise {unknown}
 g - a scroll of fog {unknown}
 h - 2 scrolls of enchant weapon {unknown}
 i - 3 scrolls of amnesia {unknown}
 j - 3 scrolls of identify {unknown}
 k - 3 scrolls of remove curse
 o - a scroll of blinking {unknown}
 p - a scroll of immolation {unknown}
 t - a scroll of teleportation {unknown}
Potions
 d - 2 potions of might
 n - a potion of berserk rage {unknown}
 r - a potion of lignification {unknown}
 u - a potion of flight {unknown}
 w - a potion of curing
Comestibles
 f - 5 rations
 s - a chunk of flesh


   Skills:
 + Level 4.2 Fighting
 + Level 4.6 Axes
 + Level 4.4 Armour
 + Level 0.4 Dodging
 + Level 4.3 Shields


You had 4 spell levels left.
You didn't know any spells.
Your spell library was empty.

Dungeon Overview and Level Annotations

Branches:
Dungeon (3/15)

Altars:
Cheibriados
Wu Jian


Innate Abilities, Weirdness & Mutations

You reflexively headbutt those who attack you in melee.
You have a pair of horns on your head.


Message History

You hit the hippogriff.
The hippogriff is heavily wounded.
The hippogriff bites you.
The hippogriff pecks you but does no damage.
The hippogriff claws you.
* * * LOW HITPOINT WARNING * * *
The hippogriff bites you!
* * * LOW HITPOINT WARNING * * *
You block the hippogriff's attack. The hippogriff barely misses you.
Press: ? - help, v - describe, . - travel
Here: a hippogriff (heavily wounded)
The floor, spattered with blood.
Okay, then.
Aiming: Iceblast
Press: ? - help, Shift-Dir - straight line
Okay, then.
As you read the scroll labeled FOIFAQAHIE, it crumbles to dust.
You feel blessed for a moment.
It was a scroll of remove curse.
You block the hippogriff's attack. The hippogriff pecks you.
You die...

#.# #.# #.#
#.# ######.#
#.# #......#
#.# #÷######
#.# #.# ##
#.# #.# ..
#.# #######.#
#.##.##.#
......###
#....H@.#
#.÷.#..##
#..#.####
.#)#.#..## #
..#...#..##
.#.#.#.#..##
#.#.#...#..##
.#.#.#.#.#..#
..#...#...#.#
.#.#.#.#.#..#


You could see a hippogriff.

Vanquished Creatures
  4 gnolls (D:2)
  2 adders (D:3)
  3 oozes
  A worm (D:2)
  3 dart slugs (D:3)
  2 leopard geckos (D:3)
  2 orcs (D:3)
  4 giant cockroaches
  8 goblins
  10 hobgoblins
  A quokka (D:2)
  2 ball pythons
  6 bats
  2 frilled lizards
  6 kobolds
  6 rats
62 creatures vanquished.

Notes
Turn   | Place    | Note
-------+----------+-------------------------------------------
     0 | D:1      | Exodus22XD the Minotaur Fighter began the quest for the
                  | Orb.
     0 | D:1      | Reached XP level 1. HP: 19/19 MP: 0/0
   115 | D:1      | Reached XP level 2. HP: 18/27 MP: 1/1
   483 | D:2      | Reached XP level 3. HP: 7/33 MP: 2/2
   594 | D:2      | Found a snail-covered altar of Cheibriados.
   595 | D:2      | Found an ornate altar of the Wu Jian Council.
   615 | D:2      | Reached XP level 4. HP: 25/40 MP: 3/3
  1699 | D:3      | Reached XP level 5. HP: 43/46 MP: 4/4
  1746 | D:3      | Noticed a hippogriff
  1755 | D:3      | Slain by a hippogriff

Skill      XL: |  1  2  3  4 |
---------------+-------------+-----
Armour         | 4 |  4.4
Axes           | 3 4 |  4.6
Fighting       | 4 |  4.2
Shields        | 4 |  4.3
Dodging        | |  0.4

Action                   |  1- 3 |  4- 6 || total
-------------------------+-------+-------++-------
Melee: War axe           |    57 |    85 ||   142
       Headbutt          |     7 |    15 ||    22
  Use: Potion            |     1 |       ||     1
       Scroll            |       |     1 ||     1
  Eat: Chunk             |       |     3 ||     3
Armor: Scale mail        |    16 |    43 ||    59
Dodge: Dodged            |    16 |    34 ||    50
Block: Shield            |    35 |    43 ||    78
